AoeStats
← Wölman

Arabian Desert

514123775Analyzed
1v1 RM · 19h ago on Oct 16, 2026· 40m 43s· 2 players
Game mode
Random Map
Map size
Tiny (2 player)
Population
200
Speed
Normal
Resources
Standard
Victory
Conquest
Starting age
Dark Age
Ending age
Imperial Age
RankedLock teamsTeams togetherTeam positionsShared explorationLock speedFull tech treeHidden civsTurbo modeCheats
Victory
Defeat
🇧🇪 Saxons · Belgium
1511
+17
vs
🇦🇷 Teutons · Argentina
1532
-17
Wölman
7:18 Loom
9:44 Feudal Age
10:14 Town Watch
9:50 Man-at-Arms
10:16 Double-Bit Axe
14:59 Horse Collar
17:13 Wheelbarrow
22:01 Castle Age
20:59 Scale Barding Armor
20:55 Gold Mining
21:57 Bloodlines
23:06 Bow Saw
25:14 Husbandry
25:50 Chain Barding Armor
29:10 Forging
33:05 Iron Casting
35:34 Hand Cart
36:45 Squires
36:46 Scale Mail Armor
38:02 Pikeman
38:27 Gambesons
Lord_calderon
6:43 Loom
9:33 Feudal Age
24:13 Double-Bit Axe
24:45 Bloodlines
26:41 Castle Age
25:45 Scale Barding Armor
26:57 Forging
31:08 Iron Casting
34:24 Gold Mining
35:20 Wheelbarrow
37:08 Chain Barding Armor
Connection lost

Rejoining the realm…

Still unreachable

The connection could not be restored.

Session expired

The server has moved on; the page needs a fresh start.